Map: Ascension vers Aïur EC

Players

sznycel

  • Race: Protoss Protoss
  • Spawn Location: 11:00

defer - Winner!

  • Race: Zerg Zerg
  • League: Gold
  • Spawn Location: 5:00

VOD

Have the link to the VOD?

Description

Time

  • Played on: Aug. 12, 2017, 6:19 p.m.
  • Length: 3:36
Show
View Real Time Build Order
Export as new Build Order

sznycel Protoss 

Build Orders:  

Get SALT Encoding   

  12  0:01  Probe (Chrono Boost)  
  13  0:12  Probe (Chrono Boost)  
  14  0:21  Pylon  
  14  0:24  Probe (Chrono Boost)  
  15  0:39  Probe (Chrono Boost)  
  15  0:41  Forge  
  17  0:50  Probe (Chrono Boost)  
  17  0:55  Gateway  
  17  1:00  Probe (Chrono Boost)  
  18  1:10  Assimilator  
  18  1:11  Probe (Chrono Boost)  
  19  1:19  Photon Cannon  
  19  1:22  Probe (Chrono Boost)  
  20  1:39  Gateway  
  20  1:42  Zealot  
  22  2:06  Nexus  
  22  2:13  Assimilator  
  22  2:21  Pylon  
  22  2:30  Cybernetics Core  
  22  2:37  Pylon  
  22  2:45  Assimilator  
  22  2:48  Zealot  
  24  2:56  Probe (Chrono Boost)  
  25  3:07  Sentry (Chrono Boost)  
  23  3:27  Photon Cannon  
  23  3:28  Photon Cannon  
Show
View Real Time Build Order
Export as new Build Order

defer Zerg - Winner!

Build Orders: Pool First 

Get SALT Encoding   

  12  0:03  Drone  
  13  0:09  Drone  
  14  0:27  Spawning Pool  
  13  0:53  Hatchery  
  13  0:56  Drone  
  13  1:01  Drone  
  14  1:05  Extractor  
  13  1:18  Roach Warren  
  12  1:28  Overlord  
  12  1:36  Overlord  
  12  1:58  Roach x2  
  12  2:00  Roach  
  18  2:10  Roach  
  20  2:19  Roach  
  22  2:28  Roach  
  24  2:38  Roach  
  26  2:50  Roach  
  28  3:02  Roach  
Tags
 
Add a new tag
Caveats
  • Supply blocks, unpowered buildings, or Contaminate may cause inaccurate times.
  • Supply counts are checked every 10 seconds.